 Dungeon Crawl Stone Soup version 0.26-a0-651-gb41185065b (webtiles) character file.

Game seed: 17509013289611146241

93671 Irenicus the Metallomancer (level 15, -2/129 HPs)
             Began as a Deep Dwarf Earth Elementalist on Oct 3, 2020.
             Was the Champion of Makhleb.
             Slain by a ragged hierophant
             ... wielding a +0 rapier
              (4 damage)
             ... in the Desolation of Salt.
             The game lasted 02:16:44 (11977 turns).

Irenicus the Metallomancer (DDEE)                  Turns: 11977, Time: 02:16:44

Health: -2/129     AC: 22    Str: 23    XL:     15   Next: 61%
Magic:  13/40 (31) EV: 12    Int: 31    God:    Makhleb [******]
Gold:   1502       SH:  5    Dex: 16    Spells: 6/38 levels left

rFire    + . .     SeeInvis .   U - staff of earth
rCold    + . .     Faith    .   o - +0 buckler
rNeg     + + .     Spirit   .   n - +7 ring mail of the Fiddle {rCorr Int+4 Dex+3}
rPois    .         Reflect  .   y - +1 helmet of the Sun {rF+}
rElec    +         Harm     .   e - +1 cloak of Responsibility {Str+6 Int+6}
rCorr    +         Rampage  .   l - +2 pair of gloves
MR       .....                  G - +1 pair of boots of Egalitarianism {Str+4}
Stlth    +++.......             (no amulet)
HPRegen  0.00/turn              V - ring of magical power {MP+9}
MPRegen  0.27/turn              x - ring "Hufeu" {+Blink rElec rC+ rN+ MR-}

@: lethally poisoned (-2 -> -2), vulnerable, non-regenerating, studying Poison
Magic
A: damage resistance, heal wounds, negative energy resistance 1, sense
surroundings 2, no regeneration
a: Heal Wounds, Minor Destruction, Lesser Servant of Makhleb, Major Destruction,
Greater Servant of Makhleb, Renounce Religion, Evoke Blink


You were in the Desolation of Salt.
You worshipped Makhleb.
Makhleb was exalted by your worship.
You visited 5 branches of the dungeon, and saw 23 of its levels.
You visited the Abyss 1 time.
You also visited: Ossuary and Desolation.

You collected 2434 gold pieces.
You spent 932 gold pieces at shops.

Inventory:

Hand Weapons
 B - a +2 dagger of speed
   (You took it off a wight on level 10 of the Dungeon)
 J - a +3 vampiric dagger
   (You took it off an orc wizard on level 9 of the Dungeon)
 K - a +2 demon trident of electrocution
   (You found it on level 1 of the Lair of Beasts)
Missiles
 b - 79 stones (quivered)
 s - 2 throwing nets {=f, !d}
 D - 14 curare-tipped darts
Armour
 e - the +1 cloak of Responsibility (worn) {Str+6 Int+6}
   (You found it on level 5 of the Dungeon)

   It affects your strength (+6).
   It affects your intelligence (+6).
 h - a +3 ring mail of poison resistance
   (You took it off Edmund on level 4 of the Dungeon)
 l - a +2 pair of gloves (worn)
   (You found it on level 2 of the Dungeon)
 n - the +7 ring mail of the Fiddle (worn) {rCorr Int+4 Dex+3}
   (You found it on level 5 of the Dungeon)

   It affects your intelligence (+4).
   It affects your dexterity (+3).
   It provides partial protection from all sources of acid and corrosion.
 o - a +0 buckler (worn)
   (You bought it in a shop on level 7 of the Dungeon)
 y - the +1 helmet of the Sun (worn) {rF+}
   (You found it on level 6 of the Dungeon)

   It protects you from fire.
 G - the +1 pair of boots of Egalitarianism (worn) {Str+4}
   (You found it on level 8 of the Dungeon)

   It affects your strength (+4).
 I - a +2 hat of see invisible
   (You took it off Gastronok on level 10 of the Dungeon)
 S - the +0 pair of gloves "Bimigoac" {rElec rN+ MR+ Int-4}
   (You found it on level 2 of the Lair of Beasts)

   It affects your intelligence (-4).
   It insulates you from electricity.
   It protects you from negative energy.
   It affects your resistance to hostile enchantments.
Magical Staves
 U - an uncursed staff of earth (weapon)
   (You acquired it on level 6 of the Lair of Beasts)
Jewellery
 c - an uncursed ring of flight {+Fly, !d}
   (You found it on level 1 of the Dungeon)
 u - an uncursed ring of protection from magic {MR+, !d}
   (You found it on level 4 of the Dungeon)
 x - the ring "Hufeu" (right hand) {+Blink rElec rC+ rN+ MR-}
   (You found it on level 6 of the Dungeon)

   [ring of positive energy]

   It protects you from cold.
   It insulates you from electricity.
   It protects you from negative energy.
   It affects your resistance to hostile enchantments.
   It lets you blink.
 P - an uncursed ring of magical power {MP+9}
   (You found it on level 4 of the Lair of Beasts)
 R - an uncursed ring of protection from cold {rC+, !d}
   (You found it on level 1 of the Lair of Beasts)
 V - a ring of magical power (left hand) {MP+9}
   (You found it on level 3 of the Lair of Beasts)
Wands
 r - a wand of polymorph (9)
   (You took it off Edmund on level 4 of the Dungeon)
 C - a wand of acid (9)
   (You found it on level 7 of the Dungeon)
 E - a wand of iceblast (19)
   (You found it on level 7 of the Dungeon)
 W - a wand of digging (3)
   (You found it on level 5 of the Lair of Beasts)
Scrolls
 a - 2 scrolls of teleportation
 g - 10 scrolls of identify
 i - 3 scrolls of enchant armour
 j - 2 scrolls of amnesia
 m - 4 scrolls of magic mapping {!r}
 q - 5 scrolls of blinking {!r}
 F - 3 scrolls of remove curse
 L - a scroll of torment {unknown}
 M - 4 scrolls of enchant weapon
 O - a scroll of silence {unknown}
 X - a scroll of fear {unknown}
Potions
 d - 8 potions of curing
 f - 2 potions of ambrosia
 k - 3 potions of brilliance
 p - a potion of resistance
 t - 2 potions of haste
 v - 3 potions of stabbing
 w - 3 potions of mutation {!q}
 z - 2 potions of flight
 N - a potion of might
 Q - 2 potions of magic
 T - a potion of cancellation
Books
 H - a manual of Poison Magic {!d}
   (You found it on level 9 of the Dungeon)


   Skills:
 - Level 7.0 Fighting
 - Level 3.2 Armour
 - Level 2.1 Dodging
 - Level 7.0 Stealth
 - Level 4.0 Shields
 - Level 12.0 Spellcasting
 - Level 9.0 Necromancy
 - Level 4.1 Translocations
 - Level 3.1 Transmutations
 + Level 22.8 Earth Magic
 - Level 6.4 Evocations


You had 6 spell levels left.
You knew the following spells:

 Your Spells              Type           Power        Failure   Level
a - Sandblast             Erth           ######       0%          1
b - Blink                 Tloc           N/A          1%          2
c - Petrify               Tmut/Erth      #######.     1%          4
d - Borgnjor's Vile Clut  Necr/Erth      ########..   1%          5
g - Apportation           Tloc           #####.       1%          1
t - Shatter               Erth           ########..   34%         9
w - Passwall              Tmut/Erth      #######.     1%          2
x - Stone Arrow           Conj/Erth      ######       1%          3
z - Lee's Rapid Deconstr  Erth           ########..   0%          5

Your spell library contained the following spells:

 Spells                   Type           Power        Failure   Level
 Animate Dead             Necr           ######....   1%          4
 Gell's Gravitas          Tloc           #####.....   2%          3
 Foxfire                  Conj/Fire      ###.         4%          1
 Magic Dart               Conj           ###.         4%          1
 Shock                    Conj/Air       ###.         4%          1
 Portal Projectile        Hex/Tloc       ####..       5%          3
 Call Imp                 Summ           ###.....     6%          2
 Slow                     Hex            ###.....     6%          2
 Swiftness                Air            ###.....     6%          2
 Conjure Flame            Conj/Fire      ###.....     12%         3
 Inner Flame              Hex/Fire       ###.....     12%         3
 Mephitic Cloud           Conj/Pois/Air  ###.....     12%         3
 Static Discharge         Conj/Air       ###.....     12%         3
 Death Channel            Necr           ######....   16%         6
 Airstrike                Air            ###.......   38%         4
 Sticky Flame             Conj/Fire      ###.....     38%         4
 Summon Lightning Spire   Summ/Air       ###.....     38%         4
 Simulacrum               Ice/Necr       #####.....   69%         6
 Fireball                 Conj/Fire      ###.......   75%         5
 Lightning Bolt           Conj/Air       ###.......   75%         5
 Silence                  Hex/Air        ###.......   75%         5
 Dispersal                Tloc           #####.....   75%         6
 Conjure Ball Lightning   Conj/Air       ###.......   99%         6
 Disjunction              Tloc           #####.....   100%        8
 Ignition                 Fire           ###.......   100%        8
 Tornado                  Air            ###.......   100%        9


Dungeon Overview and Level Annotations

Branches:
Dungeon (13/15)            Temple (1/1) D:6            Lair (6/6) D:9
  Swamp (0/4) Lair:3        Snake (0/4) Lair:3        Slime (0/5) Lair:5
    Orc (2/2) D:11            Elf (1/3) Orc:2       Ossuary (visited)
Desolation (1/1)
 Vaults: D:13-14

Altars:
Ashenzari
Dithmenos
Elyvilon
Fedhas
Gozag
Hepliaklqana
Makhleb
Qazlal
Ru
Trog
Uskayaw
Xom
Zin
The Shining One
Jiyva

Shops:
D:7 [   Orc:2 ?(:(

Portals:
Hell: Lair:6

Annotations:
D:5 3 runed translucent doors, p0werm0de's ghost, novice MiFi
D:12 2 transporters, Amousmie's ghost, journeyman DDFi


Innate Abilities, Weirdness & Mutations

You are resistant to damage.
You can heal yourself by infusing magical energy.
You resist negative energy. (rN+)
You passively map the area around you.
You do not regenerate.


Message History

The peacekeeper barely misses you.
The peacekeeper claws you but does no damage.
You block the guardian serpent's attack.
The saltling hits you. The peacekeeper bites you!!
* * * LOW HITPOINT WARNING * * *
The peacekeeper claws you but does no damage.
The guardian serpent casts a spell at you.
The bolt of poison hits you but does no damage.
You are poisoned.
You now have 25/40 mp.
Evoke which item? (* to show all) (? for menu, Esc to quit)
Okay, then.
Casting: Lee's Rapid Deconstruction (safe; 0% risk of failure)
Confirm with . or Enter, or press ? or * to list all spells.
Press: ? - help, Dir - move target cursor, f - peacekeeper Fragment what (e.g. wall or brittle monster)?: a peacekeeper (salt, severely damaged, strong)
You feel a surge of power! That beam is likely to hit you.
Continue anyway?
The peacekeeper shatters!!!
You blow up the peacekeeper!
Makhleb accepts your kill.
You feel better.
The blast of metal fragments hits the saltling!
The saltling is almost destroyed.
The blast of metal fragments hits the guardian serpent!!!
You kill the guardian serpent!
Makhleb accepts your kill.
You feel better.
The blast of metal fragments hits the peacekeeper!!!
You destroy the peacekeeper!
Makhleb accepts your kill.
You feel better. The blast of metal fragments hits you!!
* * * LOW HITPOINT WARNING * * *
You block the saltling's attack.
A ragged hierophant comes into view. It is wielding a +0 rapier.
You regained 8 hp, and now have 34/129 hp.
You now have 21/40 mp.
Casting: Lee's Rapid Deconstruction (safe; 0% risk of failure)
Confirm with . or Enter, or press ? or * to list all spells.
Aiming: Sandblast (safe; 0% risk of failure)
Press: ? - help, Shift-Dir - straight line, f - saltling
Aim: a saltling (salt, almost destroyed, strong)
You feel a surge of power!
The blast of sand hits the saltling but does no damage.
The saltling is almost destroyed.
b - 79 stones The saltling hits you but does no damage.
A saltling comes into view.
The saltling closely misses you.
You now have 20/40 mp.
Casting: Sandblast (safe; 0% risk of failure)
Confirm with . or Enter, or press ? or * to list all spells.
Aiming: Lee's Rapid Deconstruction (safe; 0% risk of failure)
Press: ? - help, Dir - move target cursor, f/p - saltling Fragment what (e.g. wall or brittle monster)?: a saltling (salt, severely damaged, strong)
Okay, then.
You completely miss the saltling.
The saltling is severely damaged.
You carefully extract the barbed spikes from your body.
The saltling no longer looks unusually strong.
The saltling hits you.
* * * LOW HITPOINT WARNING * * *
You block the saltling's attack.
A saltling and a peacekeeper come into view.
You take 4 damage, and have 30/129 hp.
Casting: Lee's Rapid Deconstruction (safe; 0% risk of failure)
Confirm with . or Enter, or press ? or * to list all spells.
Press: ? - help, Dir - move target cursor, f - saltling, p - saltling Fragment what (e.g. wall or brittle monster)?: a saltling (salt)
You feel a surge of power! That beam is likely to hit you.
Continue anyway?
The saltling shatters!!
The saltling is almost destroyed.
The blast of salt crystal fragments hits the saltling!!
You destroy the saltling!
Makhleb accepts your kill.
The blast of salt crystal fragments hits the ragged hierophant!!!
The ragged hierophant is moderately wounded.
The blast of salt crystal fragments hits you!!
* * * LOW HITPOINT WARNING * * *
The saltling completely misses you.
You block the ragged hierophant's attack.
The peacekeeper moves out of view.
The saltling moves out of view.
You take 28 damage, and have 2/129 hp.
MASSIVE DAMAGE!!
You now have 15/40 mp.
Evoke which item? (* to show all) (? for menu, Esc to quit)
Okay, then.
Okay, then.
Okay, then.
Evoke which item? (* to show all) (? for menu, Esc to quit)
Okay, then.
Casting: Lee's Rapid Deconstruction (safe; 0% risk of failure)
Confirm with . or Enter, or press ? or * to list all spells.
Aiming: Stone Arrow (safe; 1% risk of failure)
Press: ? - help, Shift-Dir - straight line, f/p - saltling
Aim: a saltling (salt, almost destroyed)
You feel a surge of power!
The stone arrow hits the saltling!!
You destroy the saltling!
Makhleb accepts your kill.
The ragged hierophant hits you with a +0 rapier.
You die...

#...............................
,#.........8.....................
,#..............§§...............
##..#..).....8..§§...............
....#.........§§.§§§.............
........##..§§§§§§§§§............
............§.§§§§§§§.......)....
.......8.....§§p§§§§.........)...
......8.8)....§§@§§§..........)..
#################################
#################################
#################################
#################################
#################################
#################################


You could see a ragged hierophant.

Vanquished Creatures
  A bone dragon (Elf:1)
  Gastronok (D:10)
  2 angels (Elf:1)
  A stone giant (Orc:2)
  An imperial myrmidon (Desolation)
  Snorg (D:10)
  4 ragged hierophants (Desolation)
  Harold (Orc:1)
  3 servants of whispers (Desolation)
  14 hydras
  4 peacekeepers (Desolation)
  6 death yaks (Lair:5)
  An ogre mage (Orc:2)
  6 two-headed ogres
  A dancing weapon (Elf:1)
  4 orc high priests
  Sonja (D:10)
  A sun demon (Lair:6)
  A wizard (Lair:6)
  An unseen horror (D:11)
  5 orc knights (Orc:2)
  A deep elf archer (Elf:1)
  An ironbrand convoker (Desolation)
  A lindwurm (Lair:6)
  3 orc sorcerers (Orc:2)
  6 deep elf magi (Elf:1)
  An oklob plant (Lair:5)
  2 cyclopes
  An ugly thing (D:12)
  A guardian serpent (Desolation)
  6 elephants
  2 molten gargoyles (Desolation)
  Psyche (D:12)
  A smoke demon (Lair:6)
  A torpor snail (Lair:6)
  12 cane toads
  3 black mambas
  4 rime drakes
  An orange demon (Lair:6)
  An ice devil (Lair:6)
  11 komodo dragons
  3 red devils (Lair:6)
  6 polar bears
  5 trolls
  8 blink frogs
  7 dream sheep (Lair:6)
  4 hippogriffs
  27 saltlings (Desolation)
  A wyvern (D:9)
  A shadow (D:13)
  A vampire (D:11)
  A water elemental (Elf:1)
  4 basilisks
  27 yaks
  2 steam dragons
  Edmund (D:4)
  6 wargs
  2 swamp worms (Lair:3)
  11 water moccasins
  4 hell hounds (Lair:6)
  6 porcupines
  21 orc warriors
  An eye of draining (D:10)
  3 ice beasts
  A swamp drake (D:11)
  11 ogres
  2 sky beasts
  5 black bears
  2 phantoms
  6 centaurs
  2 necrophages
  12 crocodiles
  2 big kobolds (D:11)
  Blork the orc (D:4)
  14 bullfrogs
  16 scorpions
  4 killer bees (D:10)
  2 vampire bats (D:11)
  21 wights
  4 howler monkeys
  An electric eel (Lair:5)
  4 bullfrog zombies
  7 hounds
  A quasit (D:10)
  A centaur zombie (D:12)
  2 human zombies (Ossuary)
  3 bullfrog skeletons
  A gnoll shaman (D:5)
  5 jellies
  16 orc priests
  21 orc wizards
  2 iguanas (D:10)
  5 worker ants
  4 killer bee zombies
  3 big kobold zombies (Ossuary)
  A hound zombie (D:6)
  A hound skeleton (D:11)
  3 mummies (Ossuary)
  A howler monkey zombie (D:10)
  A worker ant zombie (D:10)
  Robin (D:2)
  17 gnolls
  A howler monkey skeleton (D:9)
  3 scorpion zombies (Ossuary)
  12 adders
  A shadow imp (D:8)
  A white imp (D:7)
  An ufetubus (D:6)
  An ooze (D:6)
  An adder skeleton (D:5)
  4 worms (D:2)
  3 dart slugs
  8 leopard geckos
  60 orcs
  4 ball pythons
  3 giant cockroaches
  2 gnoll zombies (Ossuary)
  11 goblins
  7 hobgoblins
  25 jackals
  16 kobolds
  8 quokkas
  9 bats
  A frilled lizard (D:2)
  3 hobgoblin zombies (Ossuary)
  A kobold zombie (Ossuary)
  An orc zombie (Ossuary)
  2 quokka skeletons
  7 rats
674 creatures vanquished.

Vanquished Creatures (collateral kills)
  A komodo dragon (Lair:1)
  A blink frog (Lair:3)
  3 yaks (Lair:1)
5 creatures vanquished.

Vanquished Creatures (others)
  Erolcha (Orc:2)
  2 komodo dragons
  2 yaks
  A crocodile (Lair:3)
  2 orcs (Orc:2)
  2 bushes (Lair:6)
  46 fungi
  102 plants
158 creatures vanquished.

Grand Total: 837 creatures vanquished

Notes
Turn   | Place    | Note
-------+----------+-------------------------------------------
     0 | D:1      | Irenicus the Deep Dwarf Earth Elementalist began the quest
                  | for the Orb.
     0 | D:1      | Reached XP level 1. HP: 15/15 MP: 3/3
   108 | D:1      | Reached XP level 2. HP: 11/22 MP: 1/4
   316 | D:1      | Reached skill level 5 in Earth Magic
   534 | D:1      | Learned a level 2 spell: Passwall
   586 | D:2      | Reached XP level 3. HP: 28/28 MP: 0/5
   598 | D:2      | Reached skill level 6 in Earth Magic
   664 | D:2      | Reached XP level 4. HP: 33/36 MP: 0/6
   752 | D:2      | Noticed Robin
   845 | D:2      | Found a shadowy altar of Dithmenos.
   869 | D:2      | Reached skill level 1 in Evocations
   882 | D:2      | Killed Robin
   882 | D:2      | Reached skill level 7 in Earth Magic
  1018 | D:2      | Reached skill level 2 in Evocations
  1232 | D:3      | Reached XP level 5. HP: 34/42 MP: 5/7
  1239 | D:3      | Found a hazy altar of Hepliaklqana.
  1240 | D:3      | Found a shimmering altar of Xom.
  1241 | D:3      | Noticed a spectral ugly thing
  1300 | D:4      | Noticed an ogre
  1307 | D:4      | Killed an ogre
  1307 | D:4      | Reached skill level 4 in Evocations
  1322 | D:3      | Reached XP level 6. HP: 28/49 MP: 0/8
  1505 | D:4      | Noticed Edmund
  1575 | D:4      | Killed Edmund
  1575 | D:4      | Reached skill level 8 in Earth Magic
  1575 | D:4      | Reached skill level 5 in Evocations
  1690 | D:4      | HP: 12/49 [orc priest/divine providence (7)]
  1693 | D:4      | Reached skill level 6 in Evocations
  1693 | D:4      | Reached XP level 7. HP: 13/55 MP: 0/9
  1745 | D:4      | Noticed Blork the orc
  1759 | D:4      | Killed Blork the orc
  1835 | D:4      | Reached skill level 9 in Earth Magic
  1875 | D:5      | Entered Level 5 of the Dungeon
  1886 | D:5      | Got a steaming ring mail
  1903 | D:5      | Identified the +7 ring mail of the Fiddle {rCorr Int+4
                  | Dex+3} (You found it on level 5 of the Dungeon)
  1940 | D:5      | Found a runed translucent gate.
  1940 | D:5      | Found an opulent altar of Gozag.
  1941 | D:5      | Found a runed translucent gate.
  1941 | D:5      | Found a runed translucent gate.
  1942 | D:5      | Noticed p0werm0de's ghost (novice MiFi)
  1970 | D:5      | Reached skill level 10 in Earth Magic
  2018 | D:5      | Got a scorched cloak
  2024 | D:5      | Identified the +1 cloak of Responsibility {Str+6 Int+6}
                  | (You found it on level 5 of the Dungeon)
  2198 | D:5      | Reached XP level 8. HP: 38/62 MP: 0/10
  2348 | D:6      | Found a staircase to the Ecumenical Temple.
  2352 | D:6      | Got a shimmering granite ring
  2358 | D:6      | Identified the ring "Hufeu" {+Blink rElec rC+ rN+ MR-} (You
                  | found it on level 6 of the Dungeon)
  2370 | Temple   | Entered the Ecumenical Temple
  2383 | Temple   | Became a worshipper of Makhleb the Destroyer
  2429 | D:6      | Reached skill level 11 in Earth Magic
  2464 | D:6      | Found a sand-covered staircase.
  2477 | Ossuary  | Entered an ossuary
  2535 | Ossuary  | Reached skill level 12 in Earth Magic
  2622 | Ossuary  | Reached * piety under Makhleb
  2691 | Ossuary  | HP: 10/62 [arrow trap (11)]
  2710 | Ossuary  | Reached skill level 13 in Earth Magic
  2967 | D:6      | Gained mutation: You passively map the area around you.
                  | [Deep Dwarf growth]
  2967 | D:6      | Reached XP level 9. HP: 27/68 MP: 8/11
  2994 | D:6      | Reached skill level 14 in Earth Magic
  3165 | D:6      | Reached ** piety under Makhleb
  3172 | D:6      | Learned a level 5 spell: Lee's Rapid Deconstruction
  3176 | D:6      | Learned a level 3 spell: Stone Arrow
  3223 | D:6      | Got an encrusted helmet
  3234 | D:6      | Identified the +1 helmet of the Sun {rF+} (You found it on
                  | level 6 of the Dungeon)
  3338 | D:7      | Reached skill level 2 in Spellcasting
  3372 | D:7      | Found Xuthrytim's Armour Boutique.
  3433 | D:7      | Reached skill level 3 in Spellcasting
  3482 | D:7      | Reached skill level 4 in Spellcasting
  3723 | D:7      | Bought a cursed +0 buckler for 22 gold pieces
  3776 | D:8      | Reached skill level 1 in Shields
  3796 | D:8      | Got a pair of warped boots
  3807 | D:8      | Identified the +1 pair of boots of Egalitarianism {Str+4}
                  | (You found it on level 8 of the Dungeon)
  3891 | D:8      | Reached *** piety under Makhleb
  3891 | D:8      | Reached skill level 2 in Shields
  3957 | D:8      | Reached skill level 3 in Shields
  3984 | D:8      | Reached skill level 5 in Spellcasting
  4064 | D:8      | Found a stormy altar of Qazlal.
  4078 | D:8      | Reached skill level 4 in Shields
  4162 | D:8      | Found a white marble altar of Elyvilon.
  4162 | D:8      | Found a glowing silver altar of Zin.
  4165 | D:8      | Found a broken altar of Ashenzari.
  4179 | D:8      | Reached XP level 10. HP: 75/75 MP: 4/18
  4196 | D:8      | Reached skill level 6 in Spellcasting
  4388 | D:9      | Reached skill level 7 in Spellcasting
  4410 | D:9      | Reached **** piety under Makhleb
  4549 | D:9      | Found a staircase to the Lair.
  4671 | D:9      | Reached skill level 8 in Spellcasting
  4716 | D:10     | Entered Level 10 of the Dungeon
  4784 | D:10     | Reached skill level 1 in Armour
  4794 | D:10     | Reached skill level 9 in Spellcasting
  4904 | D:10     | Reached skill level 2 in Armour
  4942 | D:10     | Reached ***** piety under Makhleb
  4945 | D:10     | Noticed Sonja
  4947 | D:10     | Killed Sonja
  4947 | D:10     | Reached skill level 3 in Armour
  4947 | D:10     | Reached XP level 11. HP: 81/81 MP: 1/24
  5061 | D:10     | Identified the Grimoire of Quantum Heat
  5065 | D:10     | Learned a level 1 spell: Apportation
  5074 | D:10     | Noticed Snorg
  5086 | D:10     | Killed Snorg
  5086 | D:10     | Reached skill level 2 in Translocations
  5118 | D:10     | Noticed Gastronok
  5125 | D:10     | Learned a level 2 spell: Blink
  5130 | D:10     | Learned a level 4 spell: Petrify
  5147 | D:10     | Killed Gastronok
  5147 | D:10     | Reached skill level 4 in Translocations
  5237 | D:10     | Reached skill level 10 in Spellcasting
  5338 | D:10     | Found a sacrificial altar of Ru.
  5531 | D:11     | Killed an unseen horror
  5693 | D:11     | Noticed a two-headed ogre
  5716 | D:11     | Killed a two-headed ogre
  5833 | D:11     | Found a staircase to the Orcish Mines.
  5899 | D:11     | Reached skill level 11 in Spellcasting
  6094 | D:11     | Noticed a two-headed ogre
  6099 | D:11     | Killed a two-headed ogre
  6282 | D:12     | Noticed a two-headed ogre
  6390 | D:12     | Found a transporter.
  6391 | D:12     | Noticed a skeletal warrior
  6393 | D:12     | Noticed a death knight
  6396 | D:12     | Noticed a flayed ghost
  6397 | D:12     | Noticed Amousmie's ghost (journeyman DDFi)
  6399 | D:12     | Noticed a skeletal warrior
  6462 | D:12     | Reached XP level 12. HP: 52/88 MP: 8/27
  6477 | D:12     | Found a transporter.
  6479 | D:12     | Noticed Psyche
  6485 | D:12     | Killed Psyche
  6569 | D:12     | Noticed a four-headed hydra
  6575 | D:12     | Killed a four-headed hydra
  6583 | D:12     | Reached skill level 12 in Spellcasting
  6622 | D:13     | HP: 22/88 [something (25)]
  6635 | D:13     | HP: 22/90 [orc priest/divine providence (11)]
  6834 | Orc:1    | Entered Level 1 of the Orcish Mines
  6835 | Orc:1    | Noticed Harold
  6857 | Orc:1    | Killed Harold
  6857 | Orc:1    | Reached skill level 1 in Fighting
  6857 | Orc:1    | Reached skill level 3 in Stealth
  6869 | Orc:1    | Reached skill level 2 in Fighting
  6891 | Orc:1    | Noticed an orc high priest
  6893 | Orc:1    | HP: 21/93 [orc high priest/divine providence (11)]
  6910 | Orc:1    | HP: 9/93 [orc warrior/+0 war axe[an orc high priest] (12)]
  6919 | D:11     | Reached skill level 4 in Stealth
  7027 | Lair:1   | Entered Level 1 of the Lair of Beasts
  7091 | Lair:1   | Reached skill level 5 in Stealth
  7173 | Lair:1   | HP: 23/93 [komodo dragon (23)]
  7178 | Lair:1   | HP: 21/93 [komodo dragon (2)]
  7186 | Lair:1   | Reached ****** piety under Makhleb
  7186 | Lair:1   | Reached skill level 6 in Stealth
  7300 | Lair:1   | Reached skill level 7 in Stealth
  7324 | Lair:1   | Reached skill level 1 in Transmutations
  7355 | Lair:1   | Reached skill level 2 in Transmutations
  7489 | Lair:1   | Reached skill level 3 in Transmutations
  7656 | Lair:2   | Noticed a six-headed hydra
  7670 | Lair:2   | Noticed an eight-headed hydra
  7671 | Lair:2   | Killed a six-headed hydra
  7688 | Lair:2   | Reached skill level 15 in Earth Magic
  7698 | Lair:2   | Killed an eight-headed hydra
  7719 | Lair:2   | Found a hazy altar of Hepliaklqana.
  7840 | Lair:2   | Got a pair of ichor-stained gloves
  7851 | Lair:2   | Identified the cursed +0 pair of gloves "Bimigoac" {rElec
                  | rN+ MR+ Int-4} (You found it on level 2 of the Lair of
                  | Beasts)
  7880 | Lair:2   | You fall into a shaft and drop 1 floor!
  7880 | Lair:3   | Found a staircase to the Snake Pit.
  7889 | Lair:3   | Reached skill level 16 in Earth Magic
  7897 | Lair:3   | Noticed a five-headed hydra
  7923 | Lair:3   | Noticed an eight-headed hydra
  7924 | Lair:3   | Killed a five-headed hydra
  7954 | Lair:3   | Reached XP level 13. HP: 59/100 MP: 0/29
  8168 | Lair:4   | Reached skill level 17 in Earth Magic
  8538 | Lair:3   | Reached skill level 3 in Fighting
  8765 | Lair:3   | Reached skill level 4 in Fighting
  8904 | Lair:3   | Found a staircase to the Swamp.
  8922 | Lair:3   | Learned a level 9 spell: Shatter
  9339 | Lair:5   | Reached skill level 5 in Fighting
  9559 | Lair:5   | Found a viscous altar of Jiyva.
  9559 | Lair:5   | Found a staircase to the Slime Pits.
  9607 | Lair:5   | Reached skill level 18 in Earth Magic
  9651 | Lair:6   | Entered Level 6 of the Lair of Beasts
  9763 | Lair:5   | Reached skill level 6 in Fighting
  9996 | Lair:6   | Reached skill level 7 in Fighting
  9997 | Lair:6   | Identified a scroll of acquirement
  9997 | Lair:6   | Acquired an uncursed staff of earth
 10138 | Lair:5   | Reached skill level 19 in Earth Magic
 10138 | Lair:5   | Gained mutation: You resist negative energy. (rN+) [Deep
                  | Dwarf growth]
 10138 | Lair:5   | Reached XP level 14. HP: 87/123 MP: 17/30
 10340 | Lair:6   | HP: 25/123 [cane toad (19)]
 10372 | Lair:6   | Found a burning altar of Makhleb.
 10402 | Lair:6   | Found a gateway to Hell.
 10478 | Lair:6   | Reached skill level 20 in Earth Magic
 11055 | Orc:2    | Entered Level 2 of the Orcish Mines
 11055 | Orc:2    | Found Amni's Magic Scroll Shoppe.
 11055 | Orc:2    | Found Boetwauscha's Book Shoppe.
 11055 | Orc:2    | Found Qufotaxe's Antique Weapon Boutique.
 11055 | Orc:2    | Found Uthril's Weapon Boutique.
 11094 | Orc:2    | Reached skill level 21 in Earth Magic
 11096 | Orc:2    | Noticed a stone giant
 11112 | Orc:2    | Noticed Erolcha
 11115 | Orc:2    | Killed a stone giant
 11129 | Orc:2    | Killed Erolcha
 11346 | Orc:2    | Found a bloodstained altar of Trog.
 11393 | Orc:2    | Reached skill level 22 in Earth Magic
 11423 | Orc:2    | Bought a book of Unlife for 910 gold pieces
 11429 | Orc:2    | Learned a level 5 spell: Borgnjor's Vile Clutch
 11499 | Orc:2    | Found a staircase to the Elven Halls.
 11508 | Elf:1    | Entered Level 1 of the Elven Halls
 11513 | Elf:1    | Reached skill level 1 in Necromancy
 11514 | Elf:1    | Reached skill level 2 in Necromancy
 11520 | Elf:1    | Reached XP level 15. HP: 129/129 MP: 12/31
 11542 | Elf:1    | Reached skill level 3 in Necromancy
 11552 | Elf:1    | Found a glowing golden altar of the Shining One.
 11554 | Elf:1    | Found a white marble altar of Elyvilon.
 11556 | Elf:1    | Found a glowing silver altar of Zin.
 11556 | Elf:1    | Found a ruined gateway.
 11601 | Elf:1    | Reached skill level 4 in Necromancy
 11605 | Elf:1    | Cast into level 4 of the Abyss (+5 glaive of distortion)
 11615 | Abyss:4  | Noticed a bone dragon
 11624 | Elf:1    | Escaped the Abyss
 11633 | Elf:1    | Reached skill level 5 in Necromancy
 11636 | Elf:1    | Killed a bone dragon
 11636 | Elf:1    | Reached skill level 6 in Necromancy
 11646 | Desolati | Entered the Desolation of Salt
 11683 | Desolati | HP: 31/129 [saltling (19)]
 11687 | Desolati | Reached skill level 7 in Necromancy
 11721 | Desolati | Reached skill level 8 in Necromancy
 11749 | Desolati | HP: 25/129 [ragged hierophant/a resonance strike (21)]
 11754 | Desolati | Reached skill level 9 in Necromancy
 11770 | Desolati | HP: 25/129 [saltling (10)]
 11775 | Desolati | HP: 29/129 [saltling (9)]
 11846 | Desolati | Identified the ring of Haokiah {rF++ rC+ MR+ Int-5}
 11846 | Desolati | Noticed an imperial myrmidon
 11865 | Desolati | HP: 30/129 [saltling (6)]
 11958 | Desolati | Irenicus: ?? -clouds
 11958 | Desolati | beem: -clouds ~ clouds[1/7]: Flame, freezing vapour,
                  | mephitic ({mephitic cloud}; AKA noxious fumes or stinking),
                  | poison, black/grey/purple/blue smoke, steam, foul
                  | pestilence ({miasma}), mist (swamp water), and occasionally
                  | bugginess. Of these, the smokes and mist are harmless, and
                  | they plus steam can block LOS as per {scroll of fog}. Also,
                  | there's the {book of clouds}.
 11962 | Desolati | HP: 28/129 [imperial myrmidon/+0 scimitar (20)]
 11963 | Desolati | Killed an imperial myrmidon
 11970 | Desolati | HP: 23/129 [saltling (19)]
 11975 | Desolati | HP: 30/129 [saltling (4)]
 11976 | Desolati | HP: 2/129 [blast of salt crystal fragments (28)]
 11977 | Desolati | Slain by a ragged hierophant

Illustrated notes

Levels and vault maps discovered:
D:1:      zaba_arrival_water, layout_loops_ring, serial_bayou_pond_d
D:2:      layout_rooms, lemuel_crystal_altar, uniq_robin
D:3:      layout_rooms, regret_index_temple_of_mockery
D:4:      layout_cave_pods, minivault_19, uniq_edmund, uniq_blork_the_orc
D:5:      layout_loops_ring, ebering_ghost_gozag
D:6:      layout_loops_cross, minmay_temple_entry_wispy, enter_ossuary_5
D:7:      layout_rooms, serial_shops, shop_statue
D:8:      layout_gridville, nicolae_overflow_hidden_temple,
          chequers_temple_overflow_statue_of_worship
D:9:      layout_rooms, david_lair_shrubbed
D:10:     kennysheep_spiral_hall, layout_irregular_city, basic_altar,
          uniq_gastronok, uniq_sonja, uniq_snorg
D:11:     layout_irregular_city, erik_orc_1, grunt_decor_clamped,
          minmay_fountain_box, roderic_batcave, kennysheep_generic_room_10
D:12:     layout_loops_ring, gammafunk_ghost_mausoleum, uniq_psyche
D:13:     layout_long_grid, hangedman_vaults_entry_quadrant_bands
Temple:   regret_index_temple_waves
Lair:1:   layout_gridlike, beast_lair_carwin_6
Lair:2:   layout_hall_layers, basic_altar, grunt_megastairs_2
Lair:3:   beast_lair_carwin_large_1, layout_misc_corridors,
          palyth_hydra_swamp_entry, serial_bayou_shore_a
Lair:4:   layout_regular_city, grunt_megastairs_5
Lair:5:   layout_layer_cave, dpeg_slime_entry_enclosed_altar,
          nicolae_quartered_pool_medium
Lair:6:   evil_forest, layout_loops_ring, eino_small_chamber_without_monster,
          chequers_serial_rivers_micro_e
Orc:1:    layout_caves, uniq_harold
Orc:2:    grunt_orc_tribal_feast, layout_diamond_mine, bloody_trog, uniq_erolcha
Elf:1:    eino_elf_arrival_sip, layout_geoelf_diagonals,
          portal_desolation_entry_holy_temple, serial_shops,
          nicolae_shop_behind_doors, hangedman_elf_represent, drop_trap,
          grunt_ministairs_13
Desolation

Skill      XL: |  1  2  3  4  5  6  7  8  9 10 11 12 13 14 15 |
---------------+----------------------------------------------+-----
Earth Magic    | 5 6 7 8 10 13 14 16 19 22 | 22.8
Evocations     | 2 4 6 |  6.4
Spellcasting   | 5 9 11 12 | 12.0
Shields        | 4 |  4.0
Armour         | 3 |  3.2
Translocations | 4 |  4.1
Fighting       | 2 7 |  7.0
Stealth        | 7 |  7.0
Transmutations | 3 |  3.1
Necromancy     | 2 9 |  9.0
Dodging        | |  2.1

Action                   |  1- 3 |  4- 6 |  7- 9 | 10-12 | 13-15 || total
-------------------------+-------+-------+-------+-------+-------++-------
Melee: Club              |    29 |    76 |    36 |       |       ||   141
       Unarmed           |     1 |       |       |       |       ||     1
       Spear             |       |       |   102 |    60 |       ||   162
       Dagger            |       |       |       |   210 |   188 ||   398
       Staff             |       |       |       |       |   178 ||   178
Throw: Dart              |       |     4 |     1 |    14 |       ||    19
 Cast: Sandblast         |    39 |    77 |   189 |   239 |   155 ||   699
       Passwall          |       |     1 |    13 |    23 |     9 ||    46
       Stone Arrow       |       |       |    22 |    85 |    85 ||   192
       Apportation       |       |       |       |    20 |    47 ||    67
       Lee's Rapid Decon |       |       |       |     8 |    36 ||    44
       Petrify           |       |       |       |    21 |    73 ||    94
       Borgnjor's Vile C |       |       |       |       |    27 ||    27
       Shatter           |       |       |       |       |     1 ||     1
 Abil: Heal Wounds       |     1 |       |       |       |       ||     1
Evoke: Wand              |       |    10 |     1 |    39 |    23 ||    73
  Use: Scroll            |       |     1 |    16 |     4 |    14 ||    35
       Potion            |       |     3 |     4 |     1 |    10 ||    18
 Stab: Sleeping          |     1 |       |     1 |     1 |     3 ||     6
       Paralysed         |       |    45 |       |       |       ||    45
       Petrified         |       |       |       |    43 |   160 ||   203
       Petrifying        |       |       |       |     4 |     5 ||     9
       Distracted        |       |       |       |       |     1 ||     1
Armor: Robe              |     9 |       |       |       |       ||     9
       Leather armour    |    11 |    22 |       |       |       ||    33
       Skin              |       |    35 |       |       |       ||    35
       Ring mail         |       |     3 |   104 |   231 |   366 ||   704
Dodge: Dodged            |    23 |    50 |   125 |   258 |   378 ||   834
Block: Buckler           |       |       |    16 |   127 |   187 ||   330

Table legend: (Time is in decaauts)
 A = Elapsed time spent in this place.
 B = Non-inter-level travel time spent in this place.
 C = Inter-level travel time spent in this place.
 D = Time resting spent in this place.
 E = Time spent auto-exploring this place.
 F = Levels seen in this place.
 G = Mean time per level.
                   A        B        C        D        E       F      G
               +--------+--------+--------+--------+--------+-----+--------+
         Total |  12072 |  11647 |    425 |      0 |      0 |  26 |  464.3 |
       Dungeon |   6592 |   6370 |    222 |      0 |      0 |  13 |  507.1 |
        Temple |     26 |     26 |      0 |      0 |      0 |   1 |   26.0 |
          Lair |   3762 |   3559 |    203 |      0 |      0 |   6 |  627.0 |
  Orcish Mines |    736 |    736 |      0 |      0 |      0 |   2 |  368.0 |
   Elven Halls |    125 |    125 |      0 |      0 |      0 |   1 |  125.0 |
         Abyss |     18 |     18 |      0 |      0 |      0 |   1 |   18.0 |
       Ossuary |    484 |    484 |      0 |      0 |      0 |   1 |  484.0 |
    Desolation |    326 |    326 |      0 |      0 |      0 |   1 |  326.0 |
               +--------+--------+--------+--------+--------+-----+--------+

Top non-repeatable levels by time:
    D:11: 942 daAuts
  Lair:6: 882 daAuts
  Lair:3: 769 daAuts
    D:10: 749 daAuts
  Lair:1: 597 daAuts
  Lair:5: 584 daAuts
     D:8: 569 daAuts
     D:1: 560 daAuts
     D:4: 515 daAuts
     D:5: 504 daAuts
 Ossuary: 484 daAuts
     D:2: 474 daAuts
  Lair:2: 468 daAuts
   Orc:2: 460 daAuts
  Lair:4: 459 daAuts

Table legend:
 A = Kills in this place as a percentage of kills in entire the game.
 B = Kills by you in this place as a percentage of kills by you in the entire game.
 C = Kills by friends in this place as a percentage of kills by friends in the entire game.
 D = Other kills in this place as a percentage of other kills in the entire game.
 E = Experience gained in this place as a percentage of experience gained in the entire game.
 F = Experience gained in this place divided by the number of levels of this place that you have seen.
                   A       B       C       D       E      F
               +-------+-------+-------+-------+-------+----------------------
         Total | 100.0 | 100.0 | 100.0 | 100.0 | 100.0 | 5146.8
       Dungeon |  50.4 |  51.0 |   0.0 |   0.0 |  17.6 | 1808.5
          Lair |  24.0 |  23.3 | 100.0 |  50.0 |  40.6 | 9056.0
  Orcish Mines |  13.2 |  13.2 |   0.0 |  50.0 |  16.0 | 10697.0
   Elven Halls |   1.8 |   1.8 |   0.0 |   0.0 |   8.7 | 11683.0
       Ossuary |   4.3 |   4.3 |   0.0 |   0.0 |   0.8 | 1077.0
    Desolation |   6.3 |   6.4 |   0.0 |   0.0 |  16.3 | 21815.0
               +-------+-------+-------+-------+-------+----------------------
